 Dungeon Crawl Stone Soup version 0.27-a0-592-g0306a34022 (webtiles) character file.

Game seed: 10416274250384209887

4885 sahdkjhfkaj the Fighter (level 10, 0/97 HPs)
             Began as a Minotaur Abyssal Knight on Mar 11, 2021.
             Was an Elder of Lugonu.
             Slain by a troll (8 damage)
             ... on level 9 of the Dungeon.
             The game lasted 00:10:38 (11327 turns).

sahdkjhfkaj the Fighter (Minotaur Abyssal Knight)  Turns: 11327, Time: 00:10:38

Health: 0/97       AC: 12    Str: 19    XL:     10   Next: 26%
Magic:  12/12      EV:  7    Int:  9    God:    Lugonu [****..]
Gold:   552        SH:  3    Dex: 11    Spells: 9/9 levels left

rFire    . . .     SeeInvis .   a - +2 spear (vorpal)
rCold    . . .     Faith    .   r - +0 buckler
rNeg     . . .     Spirit   .   o - +0 plate armour
rPois    .         Reflect  .   (helmet restricted)
rElec    .         Harm     .   (no cloak)
rCorr    .         Rampage  .   (no gloves)
Will     .....                  h - +0 pair of boots
Stlth    ..........             (no amulet)
HPRegen  0.26/turn              (no ring)
MPRegen  0.13/turn              (no ring)

@: no status effects
A: horns 2, retaliatory headbutt
a: Renounce Religion, Depart the Abyss, Bend Space, Banish, Corrupt


You were on level 9 of the Dungeon.
You worshipped Lugonu.
Lugonu was greatly pleased with you.
You visited 1 branch of the dungeon, and saw 9 of its levels.
You visited the Abyss 1 time.
You also visited: Ossuary.

You collected 552 gold pieces.

Inventory:

Hand Weapons
 a - a +2 vorpal spear (weapon)
Missiles
 i - 2 boomerangs
 j - 17 poisoned darts
 s - a throwing net
Armour
 h - a +0 pair of boots (worn)
 o - a +0 plate armour (worn)
 r - a +0 buckler (worn)
Jewellery
 x - an amulet of the acrobat
Wands
 d - a wand of digging (7)
 p - a wand of paralysis (9)
 q - a wand of flame (3)
Scrolls
 b - 2 scrolls of amnesia
 f - 2 scrolls of noise
 k - 2 scrolls of enchant weapon
 t - a scroll of teleportation {unknown}
 w - a scroll of random uselessness {unknown}
 y - a scroll of enchant armour {unknown}
 F - 2 scrolls of fog
 X - 5 scrolls of magic mapping {@r4}
 Z - 2 scrolls of identify {@r1}
Potions
 c - 3 potions of heal wounds {unknown}
 e - 2 potions of flight {unknown}
 g - a potion of experience {unknown}
 l - 2 potions of berserk rage {unknown}
 m - a potion of cancellation {unknown}
 n - a potion of magic {unknown}
 u - 2 potions of ambrosia {unknown}
 v - 2 potions of attraction {unknown}
 B - 3 potions of brilliance
 J - 6 potions of curing {@q1}
 M - a potion of might


   Skills:
 - Level 12.0 Fighting
 - Level 9.0 Polearms
 - Level 2.4 Armour
 - Level 8.0 Dodging
 + Level 4.5 Invocations
 - Level 3.0 Evocations


You had 9 spell levels left.
You didn't know any spells.
Your spell library contained the following spells:

 Spells                   Type           Power      Damage    Failure   Level
 Corona                   Hex            0%         N/A       100%        1
 Freeze                   Ice            0%         1d3       100%        1
 Slow                     Hex            0%         N/A       100%        2
 Frozen Ramparts          Ice            0%         1d2       100%        3
 Inner Flame              Hex/Fire       0%         N/A       100%        3
 Ozocubu's Armour         Ice            0%         N/A       100%        3
 Portal Projectile        Hex/Tloc       0%         N/A       100%        3
 Cause Fear               Hex            0%         N/A       100%        4
 Hailstorm                Conj/Ice       0%         3d3       100%        4
 Leda's Liquefaction      Hex/Erth       0%         N/A       100%        4
 Summon Ice Beast         Ice/Summ       0%         N/A       100%        4


Dungeon Overview and Level Annotations

Branches:
Dungeon (9/15)             Temple (0/1) D:6            Lair (0/6) D:8
Ossuary (visited)
    Orc: D:9-12

Altars:
Ashenzari
Fedhas
Hepliaklqana
Makhleb
Nemelex Xobeh
Okawaru
Qazlal
Sif Muna
Trog
Vehumet
Wu Jian
Xom
Yredelemnul

Shops:
D:4 [   D:5 [   D:8 ?=


Innate Abilities, Weirdness & Mutations

You have a pair of horns on your head.
You reflexively headbutt those who attack you in melee.


Message History

You hit the two-headed ogre.
The two-headed ogre is almost dead.
Unknown command.
You hit the two-headed ogre.
You kill the two-headed ogre!
Training target 8.0 for Dodging reached!
Your Dodging skill increases to level 8!
You need to enable at least one skill for training.
Reach: a) +2 spear (vorpal)
Press: ? - help, Dir - move target, f - troll
Aim: a troll (about 29% to evade your +2 vorpal spear)
You reach to attack!
You barely miss the troll. You closely miss the troll.
The troll is lightly wounded.
You closely miss the troll.
The troll is lightly wounded.
The troll bites you.
* * * LOW HITPOINT WARNING * * *
The troll claws you.
* * * LOW HITPOINT WARNING * * *
You closely miss the troll.
The troll is lightly wounded.
The troll bites you.
* * * LOW HITPOINT WARNING * * *
The troll claws you.
* * * LOW HITPOINT WARNING * * *
You puncture the troll!
The troll is moderately wounded.
The troll bites you!
* * * LOW HITPOINT WARNING * * *
The troll claws you!
* * * LOW HITPOINT WARNING * * *
Unknown command.
You hit the troll.
The troll is moderately wounded.
Unknown command.
Press: ? - help, Shift-Dir - straight line, f/p - troll
Aim: a troll (moderately wounded, chance to affect: 83%)
You fail to use your ability.
The troll claws you!
You die...

# #.##...#...## ##
#.##..#..#..## .##
#...#..#..#._# ..#
###..#..#..### .##
##...#...# .# ##
######### ######...##
# #.#### ##.........$
#....#.##T###)###.##
####.#.#@## #.#
#.#...# ... ##.###.##
### ###...###.###.#
#########.†..........#
..........#...########
.###########.##
.####### #.# ........
#.#


You could see a troll.

Vanquished Creatures
  A two-headed ogre (D:9)
  Erica (D:8)
  3 wargs
  2 orc warriors (D:8)
  A sky beast (D:5)
  2 black bears
  4 ogres
  A necrophage (D:7)
  A phantom (D:7)
  A kobold brigand (D:8)
  2 bullfrogs
  A gnoll sergeant (D:7)
  A wyvern zombie (D:9)
  4 water moccasin zombies (Ossuary)
  A scorpion (D:8)
  9 killer bees (D:8)
  A howler monkey (D:4)
  3 orc priests
  A centaur skeleton (D:5)
  A centaur zombie (D:7)
  5 hounds
  3 jellies
  A bullfrog skeleton (D:5)
  A gnoll shaman (D:7)
  2 iguanas
  Natasha (thrice) (D:3)
  10 orc wizards
  3 worker ants
  A hound skeleton (D:5)
  2 mummies (Ossuary)
  8 gnolls (D:7)
  8 adders
  A shadow imp (D:5)
  2 oozes
  6 adder zombies
  An adder skeleton (D:4)
  3 worms
  4 dart slugs
  3 leopard geckos
  26 orcs
  6 bats
  3 giant cockroaches
  7 goblins
  4 hobgoblins
  9 jackals
  4 quokkas
  A ball python (D:4)
  3 frilled lizards
  2 gnoll zombies (Ossuary)
  6 hobgoblin zombies (Ossuary)
  7 kobolds
  3 kobold zombies (Ossuary)
  A leopard gecko skeleton (D:5)
  3 orc zombies (Ossuary)
  2 quokka skeletons (D:5)
  7 rats
202 creatures vanquished.

Vanquished Creatures (others)
  An orc wizard (D:8)
  3 plants (D:8)
4 creatures vanquished.

Grand Total: 206 creatures vanquished

Notes
Turn   | Place    | Note
-------+----------+-------------------------------------------
     0 | Abyss:1  | sahdkjhfkaj the Minotaur Abyssal Knight began the quest for
                  | the Orb.
     0 | Abyss:1  | Reached XP level 1. HP: 19/19 MP: 1/1
     0 | D:1      | Escaped the Abyss
   113 | D:1      | Reached * piety under Lugonu
   114 | D:1      | Reached skill level 4 in Fighting
   153 | D:1      | Reached XP level 2. HP: 28/28 MP: 2/2
   482 | D:1      | Reached skill level 5 in Fighting
   645 | D:1      | Reached XP level 3. HP: 36/36 MP: 3/3
   865 | D:2      | Found a basalt altar of Yredelemnul.
  1389 | D:2      | Reached XP level 4. HP: 44/44 MP: 4/4
  1436 | D:2      | Reached skill level 6 in Fighting
  1612 | D:3      | Found a shimmering altar of Xom.
  2046 | D:3      | Noticed Natasha
  2049 | D:3      | Found a bloodstained altar of Trog.
  2049 | D:3      | Found a burning altar of Makhleb.
  2059 | D:3      | Killed Natasha
  2263 | D:3      | Found a broken altar of Ashenzari.
  2418 | D:3      | Noticed a bullfrog
  2427 | D:3      | Killed a bullfrog
  2428 | D:3      | Reached skill level 7 in Fighting
  2428 | D:3      | Reached XP level 5. HP: 35/52 MP: 5/5
  2581 | D:3      | Noticed Natasha
  2594 | D:3      | Killed Natasha
  2871 | D:3      | Found a shimmering altar of Xom.
  2930 | D:3      | Found a broken altar of Ashenzari.
  2949 | D:3      | Found a bloodstained altar of Trog.
  2950 | D:3      | Found a burning altar of Makhleb.
  3429 | D:3      | Noticed Natasha
  3434 | D:3      | Killed Natasha
  3435 | D:3      | Reached skill level 8 in Fighting
  3465 | D:4      | Found Wivachor's Antique Armour Emporium.
  3484 | D:4      | Reached ** piety under Lugonu
  3492 | D:4      | Reached XP level 6. HP: 42/61 MP: 6/6
  4157 | D:4      | Reached skill level 9 in Fighting
  4246 | D:4      | Reached XP level 7. HP: 55/70 MP: 7/7
  4610 | D:4      | Reached skill level 5 in Polearms
  4754 | D:5      | Entered Level 5 of the Dungeon
  5576 | D:5      | Found a sparkling altar of Nemelex Xobeh.
  5632 | D:5      | Reached XP level 8. HP: 70/79 MP: 8/8
  5784 | D:5      | Found Dase's Antique Armour Shop.
  5801 | D:5      | Reached skill level 10 in Fighting
  5946 | D:5      | Found a stormy altar of Qazlal.
  5948 | D:5      | Found a radiant altar of Vehumet.
  5989 | D:5      | Found an iron altar of Okawaru.
  5992 | D:5      | Found a shimmering blue altar of Sif Muna.
  6003 | D:5      | Found an ornate altar of the Wu Jian Council.
  6652 | D:6      | Found a staircase to the Ecumenical Temple.
  7113 | D:7      | Reached *** piety under Lugonu
  7233 | D:7      | Found a radiant altar of Vehumet.
  7617 | D:7      | Reached skill level 5 in Dodging
  8093 | D:7      | Found a hazy altar of Hepliaklqana.
  8124 | D:8      | Noticed Erica
  8126 | D:8      | Found a sand-covered staircase.
  8136 | D:8      | Killed Erica
  8137 | D:8      | Reached skill level 11 in Fighting
  8137 | D:8      | Reached XP level 9. HP: 53/89 MP: 9/9
  8297 | Ossuary  | Entered an ossuary
  8491 | Ossuary  | Reached **** piety under Lugonu
  8940 | D:8      | Reached skill level 1 in Evocations
 10182 | D:8      | Reached skill level 12 in Fighting
 10345 | D:8      | Reached XP level 10. HP: 31/97 MP: 12/12
 10933 | D:8      | Found a staircase to the Lair.
 10983 | D:8      | Found Maisais's Jewellery Emporium.
 10988 | D:8      | Found Ceqeihil's Magic Scroll Emporium.
 11015 | D:8      | Found a blossoming altar of Fedhas.
 11139 | D:9      | Found a broken altar of Ashenzari.
 11305 | D:9      | Noticed a two-headed ogre
 11316 | D:9      | Killed a two-headed ogre
 11327 | D:9      | Slain by a troll

Illustrated notes

Levels and vault maps discovered:
D:1:      minmay_arrival_nine_rooms, layout_rooms
D:2:      wander_river, layout_basic, yredelemnul_altar_generic
D:3:      layout_basic, old_standard_altar, grunt_temple_overflow_open,
          cheibrodos_ashenzari_chains, uniq_natasha
D:4:      layout_cave_pools, serial_shops, shop, dk_vineyard_3, kennysheep_donut
D:5:      layout_cave_pods, nicolae_overflow_hidden_temple,
          overflow_temple_1_default, serial_shops, shop_statue,
          patterned_corridor
D:6:      layout_basic, minmay_temple_entry_trees, uniq_crazy_yiuf_cottage
D:7:      layout_gridville, lemuel_crystal_altar, vehumet_altar_wand_db
D:8:      layout_basic, fedhas_altar_4, erik_lair_orcish_takeover, serial_shops,
          shop, nicolae_shop_waterfront, nicolae_ossuary_entry_ruins, uniq_erica
D:9:      layout_loops_ring, marbit_many_paths

Skill      XL: |  1  2  3  4  5  6  7  8  9 10 |
---------------+-------------------------------+-----
Fighting       | 4 5 7 8 9 11 12 | 12.0
Polearms       | 4 5 8 9 |  9.0
Dodging        | 2 4 6 7 8 |  8.0
Invocations    | 4 |  4.5
Evocations     | 3 |  3.0
Armour         | |  2.4

Action                   |  1- 3 |  4- 6 |  7- 9 | 10-12 || total
-------------------------+-------+-------+-------+-------++-------
Melee: Spear             |    78 |   144 |   377 |    63 ||   662
       Headbutt          |    12 |    26 |    85 |    10 ||   133
       Trident           |       |       |   159 |       ||   159
Invok: Depart the Abyss  |     1 |       |       |       ||     1
Evoke: Wand              |       |       |       |     4 ||     4
  Use: Scroll            |     2 |     3 |     5 |       ||    10
       Potion            |       |     1 |     3 |     1 ||     5
Armor: Leather armour    |    10 |       |       |       ||    10
       Scale mail        |     1 |    45 |    33 |       ||    79
       Plate armour      |       |       |   186 |    35 ||   221
       Chain mail        |       |       |    27 |       ||    27
Dodge: Dodged            |    26 |    39 |   181 |    14 ||   260
Block: Buckler           |       |       |    10 |     5 ||    15

Table legend: (Time is in decaauts)
 A = Elapsed time spent in this place.
 B = Non-inter-level travel time spent in this place.
 C = Inter-level travel time spent in this place.
 D = Time resting spent in this place.
 E = Time spent auto-exploring this place.
 F = Levels seen in this place.
 G = Mean time per level.
                   A        B        C        D        E       F      G
               +--------+--------+--------+--------+--------+-----+--------+
         Total |  11282 |  10948 |    334 |      0 |   9621 |  11 | 1025.6 |
       Dungeon |  11015 |  10681 |    334 |      0 |   9430 |   9 | 1223.9 |
         Abyss |      0 |      0 |      0 |      0 |      0 |   1 |    0.0 |
       Ossuary |    267 |    267 |      0 |      0 |    191 |   1 |  267.0 |
               +--------+--------+--------+--------+--------+-----+--------+

Top non-repeatable levels by time:
     D:3: 1860 daAuts
     D:7: 1844 daAuts
     D:8: 1820 daAuts
     D:5: 1651 daAuts
     D:4: 1310 daAuts
     D:2: 872 daAuts
     D:1: 770 daAuts
     D:6: 618 daAuts
 Ossuary: 267 daAuts
     D:9: 266 daAuts
